 Dungeon Crawl Stone Soup version 0.21-a0-442-g848f44b (webtiles) character file.

107 kae the Insei (level 4, -10/36 HPs)
             Began as a Draconian Transmuter on Nov 12, 2017.
             Was an Initiate of Okawaru.
             Mangled by an iguana (13 damage)
             ... on level 4 of the Dungeon.
             The game lasted 00:05:28 (4724 turns).

kae the Insei (Draconian Transmuter)                Turns: 4724, Time: 00:05:28

Health: -10/36     AC:  2    Str: 12    XL:     4   Next: 56%
Magic:  4/7        EV: 21    Int: 13    God:    Okawaru [......]
Gold:   219        SH:  0    Dex: 23    Spells: 2/8 levels left

rFire    . . .     SeeInvis .     - Unarmed
rCold    . . .     Gourm    .   (shield currently unavailable)
rNeg     . . .     Faith    .   (armour unavailable)
rPois    x         Spirit   .   (helmet currently unavailable)
rElec    .         Reflect  .   (cloak currently unavailable)
rCorr    .         Harm     .   (gloves currently unavailable)
MR       .....                  (boots currently unavailable)
Stlth    ++........             (no amulet)
HPRegen  0.12/turn              s - +5 ring of dexterity
MPRegen  0.10/turn              n - ring of wizardry

@: spider-form
A: unfitting armour, AC +5
a: End Transformation, Renounce Religion


You were on level 4 of the Dungeon.
You worshipped Okawaru.
Okawaru was noncommittal.
You were hungry.
You were a venomous arachnid creature.
You visited 1 branch of the dungeon, and saw 4 of its levels.

You collected 219 gold pieces.

Inventory:

Hand Weapons
 d - a +0 club (melded)
Missiles
 a - 21 arrows
Armour
 m - a +0 pair of boots (melded)
 v - a +0 cloak (melded)
Jewellery
 l - an uncursed ring of resist corrosion
 n - a ring of wizardry (right front leg)
 s - a +5 ring of dexterity (left front leg)
Scrolls
 e - a scroll of enchant armour {unknown}
 f - a scroll of noise
 i - 2 scrolls of teleportation
 j - 2 scrolls of remove curse
 k - a scroll of fog {unknown}
 r - 2 scrolls of magic mapping
 t - 4 scrolls of identify {unknown}
Potions
 h - a potion of might
 o - a potion of lignification {unknown}
 p - a potion of magic
 q - 3 potions of brilliance {unknown}
 w - a potion of resistance {unknown}
Books
 b - a book of Changes

   Spells                             Type                      Level
   a - Beastly Appendage              Transmutation                1
   b - Sticks to Snakes               Transmutation                2
   c - Spider Form                    Transmutation/Poison         3
   d - Ice Form                       Ice/Transmutation            4
   e - Blade Hands                    Transmutation                5
 u - a book of Battle

   Spells                             Type                      Level
   a - Infusion                       Charms                       1
   b - Shroud of Golubria             Charms/Translocation         2
   c - Song of Slaying                Charms                       2
   d - Spectral Weapon                Hexes/Charms                 3
   e - Regeneration                   Charms/Necromancy            3
Comestibles
 c - 2 bread rations
 g - 3 royal jellies


   Skills:
 + Level 2.2 Fighting
 - Level 2.4 Dodging
 * Level 3.7 Unarmed Combat
 + Level 2.5 Spellcasting
 * Level 2.7 Transmutations
 + Level 0.2 Invocations


You had 2 spell levels left.
You knew the following spells:

 Your Spells              Type           Power        Failure   Level  Hunger
a - Beastly Appendage     Tmut           #.....       9%          1    #......
b - Sticks to Snakes      Tmut           #.......     12%         2    ###....
c - Spider Form           Tmut/Pois      #.........   30%         3    ###....


Dungeon Overview and Level Annotations

Branches:
Dungeon (4/15)
 Temple: D:4-7

Altars:
Nemelex Xobeh
Okawaru
Ru
Trog
Yredelemnul

Annotations:
D:2 Sigmund
D:3 zkyp's ghost, amateur MfMo


Innate Abilities, Weirdness & Mutations

((Your plain brown scales are hard. (AC +5)))
You cannot fit into any form of body armour.
((You are cold-blooded and may be slowed by cold attacks.))


Message History

The iguana is almost dead.
The iguana closely misses you.
You hit the iguana but do no damage.
The iguana is almost dead.
The iguana barely misses you.
You hit the iguana but do no damage.
The iguana is almost dead.
The iguana bites you!
* * * LOW HITPOINT WARNING * * *
The iguana closely misses you.
It was a potion of magic.
Magic courses through your body. The iguana misses you.
Okay, then.
Casting: Sticks to Snakes
Confirm with . or Enter, or press ? or * to list all spells.
You turn into a venomous arachnid creature.
Your +0 club melds into your body.
Your +0 cloak melds into your body.
Your +0 pair of boots melds into your body.
The iguana bites you!
You die...

#########.######.
#..#.# #....#
#### ##.#.# .....
#.#.#
.....#####.#.#
...........).#
.......l.....#
.......s.....#
.....#######.#
.... ..# ### ..#
(.. .#


You could see an iguana.

Vanquished Creatures
  Robin (D:2)
  An adder (D:3)
  3 worms
  A dart slug (D:2)
  3 leopard geckos
  7 giant cockroaches
  5 hobgoblins
  2 ball pythons
  8 bats
  4 frilled lizards
  12 goblins
  5 kobolds
  3 rats
55 creatures vanquished.

Vanquished Creatures (collateral kills)
  An iguana (D:4)
1 creature vanquished.

Grand Total: 56 creatures vanquished

Notes
Turn   | Place    | Note
-------+----------+-------------------------------------------
     0 | D:1      | kae the Draconian Transmuter began the quest for the Orb.
     0 | D:1      | Reached XP level 1. HP: 16/16 MP: 3/3
   318 | D:1      | Reached XP level 2. HP: 23/23 MP: 3/5
   899 | D:2      | Found a sacrificial altar of Ru.
   990 | D:2      | Reached XP level 3. HP: 25/29 MP: 6/6
  1846 | D:2      | Noticed Sigmund
  1918 | D:2      | Noticed Robin
  2201 | D:2      | Killed Robin
  2299 | D:2      | Found a bloodstained altar of Trog.
  2892 | D:3      | Noticed zkyp's ghost (amateur MfMo)
  3079 | D:3      | Reached XP level 4. HP: 36/36 MP: 5/7
  3245 | D:3      | Learned a level 2 spell: Sticks to Snakes
  3249 | D:3      | Learned a level 3 spell: Spider Form
  3453 | D:3      | Found a basalt altar of Yredelemnul.
  4033 | D:3      | Found an iron altar of Okawaru.
  4034 | D:3      | Found a sparkling altar of Nemelex Xobeh.
  4207 | D:3      | Became a worshipper of Warmaster Okawaru
  4724 | D:4      | Mangled by an iguana

Vault maps used:
D:1:      dpeg_arrival_tiny_j
D:2:      bloody_trog, lemuel_round_altar, first_bread, serial_bayou_pond_d,
          minmay_misc_feat_encased, uniq_robin, uniq_sigmund
D:3:      gammafunk_temple_overflow_pools, yredelemnul_altar_generic,
          minivault_23
D:4:      kennysheep_small_square

Skill      XL: |  1  2  3 |
---------------+----------+-----
Dodging        | 2 |  2.4
Fighting       | 2 |  2.2
Unarmed Combat | |  3.7
Spellcasting   | |  2.5
Transmutations | |  2.7
Invocations    | |  0.2

Action                   |  1- 3 |  4- 6 || total
-------------------------+-------+-------++-------
Melee: Club              |   164 |    62 ||   226
       Unarmed           |    11 |       ||    11
       Tailslap          |    21 |    16 ||    37
       Headbutt          |    17 |     3 ||    20
       Punch             |     4 |     2 ||     6
       Kick              |     1 |       ||     1
 Cast: Beastly Appendage |    16 |     2 ||    18
       Sticks to Snakes  |       |     5 ||     5
       Spider Form       |       |     1 ||     1
  Use: Scroll            |     5 |       ||     5
       Potion            |     3 |     1 ||     4
 Stab: Sleeping          |     1 |       ||     1
  Eat: Chunk             |     7 |     3 ||    10
       Royal jelly       |       |     1 ||     1
Armor: Skin              |    84 |    13 ||    97
Dodge: Dodged            |   162 |    59 ||   221

Table legend:
 A = Spawn XP
 B = Non-spawn XP
 C = Spawn XP percentage of total XP
 D = Spawn monster count
 E = Non-spawn monster count
 F = Spawn count percentage of total count
 G = Total turns spent on level
                    A         B        C        D         E        F      G
               +---------+---------+-------+---------+---------+-------+---------
         Total |       0 |     153 |   0.0 |       0 |      56 |   0.0 |  4724
               +---------+---------+-------+---------+---------+-------+---------
           D:1 |       0 |      20 |   0.0 |       0 |      13 |   0.0 |  1412
           D:2 |       0 |      71 |   0.0 |       0 |      28 |   0.0 |  1662
           D:3 |       0 |      36 |   0.0 |       0 |      13 |   0.0 |  1400
           D:4 |       0 |      26 |   0.0 |       0 |       2 |   0.0 |   250
               +---------+---------+-------+---------+---------+-------+---------
